 Dungeon Crawl Stone Soup version 0.18.1-5-g4a78601 (webtiles) character file.

36 imganon the Chopper (level 3, 29/29 HPs)
             Began as a Demonspawn Berserker on May 12, 2016.
             Was a Believer of Trog.
             Got out of the dungeon alive.
             The game lasted 00:02:00 (1262 turns).

imganon the Chopper (Demonspawn Berserker)          Turns: 1262, Time: 00:02:00

Health: 29/29      AC:  8    Str: 18    XL:     3   Next: 19%
Magic:  3/3        EV:  7    Int:  8    God:    Trog [**....]
Gold:   111        SH:  0    Dex: 12    Spells: 0 memorised, 2 levels left

rFire  . . .     SeeInvis .     a - +0 hand axe
rCold  . . .     Gourm    .     j - +0 chain mail
rNeg   . . .     Faith    .     (no shield)
rPois  .         Spirit   +     (no helmet)
rElec  .         Dismiss  .     (no cloak)
rCorr  .         Reflect  .     (no gloves)
SustAt .         Harm     .     (no boots)
MR     .....                    (no amulet)
Stlth  ..........               (no ring)
                                (no ring)

@: not resistant to hostile enchantments, extremely unstealthy
A: magic shield
a: Berserk, Trog's Hand, Burn Spellbooks, Renounce Religion


You escaped.
You worshipped Trog.
Trog was pleased with you.
You were very hungry.

You visited 1 branch of the dungeon, and saw 1 of its levels.

You collected 111 gold pieces.

Inventory:

Hand Weapons
 a - a +0 hand axe (weapon)
Armour
 j - a +0 chain mail (worn)
Scrolls
 e - 4 scrolls of identify {unknown}
 g - a scroll of teleportation {unknown}
 h - a scroll of amnesia {unknown}
 k - a scroll of recharging {unknown}
Potions
 f - a potion of agility
 i - a potion of berserk rage {unknown}
Comestibles
 b - a meat ration
 c - 2 bread rations
 d - 5 fruits


   Skills:
 - Level 3.0 Fighting
 + Level 3.9 Axes
 - Level 1.7 Armour
 - Level 1.7 Dodging


You had 2 spell levels left.
You didn't know any spells.

Dungeon Overview and Level Annotations

Branches:
Dungeon (1/15)

Altars:


Innate Abilities, Weirdness & Mutations

When hurt, damage is shared between your health and your magic reserves.


Message History

The bat hits you but does no damage. The bat hits you but does no damage.
The bat barely misses you. The bat hits you but does no damage.
The bat hits you but does no damage. The bat hits you but does no damage.
You hit the bat.
You kill the bat!
Trog accepts your kill.
No target in view!
No target in view!
You see here a club.
Things that are here:
a short sword; a stone You see here a stone.
You see here a stone.
You see here a stone.
There is a staircase leading out of the dungeon here.
Are you sure you want to leave the Dungeon?
This will make you lose the game!
You have escaped!

.####.###.#.....#.#.# #.....####
..........#.#####.#.#########
.####...................#########
.............................>..#
.#######.......≈................#
.# #####......≈≈≈...............#
####...#.......≈................#
..##.#.#......§§§..§...#........#
#.##.#.#...§.§§≈@..§...#........#
..##.#.#..≈≈§§§§§.≈≈≈§.#........#
####.#.#...≈§§§≈§..§..).........#
...#.#.#......§§..............).#
.....#.#.......§§...............#
.#...#.#......≈§≈...............#
.#...#.#.......≈................#
.#...#........§.................#
.#...###........................#


There were no monsters in sight!

Vanquished Creatures
  A giant gecko (D:1)
  5 bats (D:1)
  3 giant cockroaches (D:1)
  5 goblins (D:1)
  4 hobgoblins (D:1)
  6 jackals (D:1)
  3 kobolds (D:1)
  A giant newt (D:1)
  A rat (D:1)
  A fungus (D:1)
30 creatures vanquished.

Notes
Turn   | Place    | Note
--------------------------------------------------------------
     0 | D:1      | imganon the Demonspawn Berserker began the quest for the Orb.
     0 | D:1      | Reached XP level 1. HP: 18/18 MP: 1/1
   341 | D:1      | Gained mutation: When hurt, damage is shared between your health and your magic reserves. [demonic ancestry]
   341 | D:1      | Reached XP level 2. HP: 5/24 MP: 2/2
   386 | D:1      | HP: 1/24 [goblin/dagger (1)]
   910 | D:1      | Reached XP level 3. HP: 29/29 MP: 3/3
   991 | D:1      | Reached ** piety under Trog
  1262 | D:$      | Got out of the dungeon alive.

Skill      XL: |  1 |
---------------+----+-----
Axes           | 3 |  3.9
Fighting       | |  3.0
Armour         | |  1.7
Dodging        | |  1.7

Action                   || total
-------------------------++-------
Melee: Hand axe          ||   116
Invok: Berserk           ||     1
  Eat: Chunk             ||     1
Armor: Animal skin       ||    22
       Chain mail        ||    45
Dodge: Dodged            ||    72
